PA
HOGSMEADE CAULDRONS @ GWINNETT COUNTY BLACK CATS
09/05/2026
 
TOP OF THE 1ST
Hogsmeade Cauldrons batting - Pitching for Gwinnett County Black Cats : RHP Jeff Greer
Pitching: RHP Jeff Greer
Batting: LHB Rodrigo Gómez 0-0: Foul Ball, location: 2F
0-1: Bunt for hit - play at first, batter safe!
Batting: LHB Estefan Carrasco 0-0: Swinging Strike
0-1: Swinging Strike
0-2: SINGLE (Groundball, 34D)
Rodrigo Gómez to second
Runner from 2nd tries for 3rd, SAFE, throw made to third
Batting: LHB Austin Hathaway 0-0: Ball
1-0: Foul Ball, location: 2F
1-1: Ball
Estefan Carrasco is caught stealing 2nd base
2-1: SINGLE (Line Drive, 56)
Rodrigo Gómez scores
Batting: LHB Cris Gonzáles 0-0: Called Strike
0-1: Swinging Strike
0-2: Ball
1-2: Strikes out swinging
Batting: LHB Jim Unknown 0-0: Called Strike
0-1: Foul Ball, location: 2F
0-2: Ball
1-2: Ball
2-2: Foul Ball, location: 2F
2-2: Ball
3-2: Foul Ball, location: 2F
3-2: Fly out, F8 (Flyball, 8LM)
Top of the 1st over - 1 run(s), 3 hit(s), 0 error(s), 1 left on base; Hogsmeade 1 - Gwinnett County 0
BOTTOM OF THE 1ST
Gwinnett County Black Cats batting - Pitching for Hogsmeade Cauldrons : RHP Fred Gunther
Pitching: RHP Fred Gunther
Batting: RHB Sidney Mackell 0-0: Bunt for hit - play at first, batter safe!
Batting: LHB Darrell Woodmansee 0-0: Ball
1-0: Ball
2-0: Called Strike
2-1: Ball
3-1: Base on Balls
Sidney Mackell to second
Batting: SHB Ted Tullo 0-0: Ball
1-0: Called Strike
1-1: Foul Ball, location: 2F
1-2: Foul Ball, location: 2F
1-2: Ball
2-2: Grounds into double play, 4-6-3 (Groundball, 4)
Sidney Mackell to third
Batting: SHB Melito Báez 0-0: Swinging Strike
0-1: Ball
1-1: Ground out 4-3 (Groundball, 4)
Bottom of the 1st over - 0 run(s), 1 hit(s), 0 error(s), 1 left on base; Hogsmeade 1 - Gwinnett County 0
TOP OF THE 2ND
Hogsmeade Cauldrons batting - Pitching for Gwinnett County Black Cats : RHP Jeff Greer
Batting: RHB Jason Ward 0-0: Called Strike
0-1: Ball
1-1: Swinging Strike
1-2: Foul Ball, location: 2F
1-2: Strikes out swinging
Batting: SHB Larry O'Morgan 0-0: Ball
1-0: SINGLE (Groundball, 4MD)
Batting: RHB Robinson Barquero 0-0: Ball
1-0: Called Strike
1-1: Called Strike
1-2: Ball
2-2: Fly out, F8 (Flyball, 8LM)
Batting: RHB Paul O'Neill 0-0: Ball
1-0: Called Strike
1-1: Swinging Strike
1-2: Ball
2-2: Strikes out swinging
Top of the 2nd over - 0 run(s), 1 hit(s), 0 error(s), 1 left on base; Hogsmeade 1 - Gwinnett County 0
BOTTOM OF THE 2ND
Gwinnett County Black Cats batting - Pitching for Hogsmeade Cauldrons : RHP Fred Gunther
Batting: RHB Sameen Shaw 0-0: Swinging Strike
0-1: Foul Ball, location: 2F
0-2: Foul Ball, location: 2F
0-2: Foul Ball, location: 2F
0-2: Strikes out looking
Batting: RHB Chang-lit Min 0-0: Ball
1-0: Ball
2-0: Ball
3-0: Called Strike
3-1: Base on Balls
Batting: RHB Rikky van Opel 0-0: Ball
1-0: Foul Ball, location: 2F
1-1: Called Strike
1-2: Strikes out swinging
Batting: RHB Juan León 0-0: Called Strike
0-1: Ball
1-1: Foul Ball, location: 2F
1-2: Ball
2-2: Ball
3-2: Ground out U3 (Groundball, 3)
Bottom of the 2nd over - 0 run(s), 0 hit(s), 0 error(s), 1 left on base; Hogsmeade 1 - Gwinnett County 0
TOP OF THE 3RD
Hogsmeade Cauldrons batting - Pitching for Gwinnett County Black Cats : RHP Jeff Greer
Batting: LHB Rodrigo Gómez 0-0: Called Strike
0-1: Ball
1-1: Called Strike
1-2: Foul Ball, location: 2F
1-2: Strikes out swinging
Batting: LHB Estefan Carrasco 0-0: Ball
1-0: Ground out 4-3 (Groundball, 4)
Batting: LHB Austin Hathaway 0-0: Called Strike
0-1: Ball
1-1: Foul Ball, location: 2F
1-2: Ball
2-2: Ground out 4-3 (Groundball, 4M)
Top of the 3rd over - 0 run(s), 0 hit(s), 0 error(s), 0 left on base; Hogsmeade 1 - Gwinnett County 0
BOTTOM OF THE 3RD
Gwinnett County Black Cats batting - Pitching for Hogsmeade Cauldrons : RHP Fred Gunther
Batting: RHB Edgar Balerio 0-0: Called Strike
0-1: Ball
1-1: Ball
2-1: Foul Ball, location: 2F
2-2: Strikes out swinging
Batting: RHB Sidney Mackell 0-0: Ground out 5-3 (Groundball, 56)
Batting: LHB Darrell Woodmansee 0-0: Called Strike
0-1: Ball
1-1: Ball
2-1: Ground out 1-3 (Groundball, 13)
Bottom of the 3rd over - 0 run(s), 0 hit(s), 0 error(s), 0 left on base; Hogsmeade 1 - Gwinnett County 0
TOP OF THE 4TH
Hogsmeade Cauldrons batting - Pitching for Gwinnett County Black Cats : RHP Jeff Greer
Batting: LHB Cris Gonzáles 0-0: Ball
1-0: Ball
2-0: Ball
3-0: Base on Balls
Batting: LHB Jim Unknown 0-0: Ball
1-0: Swinging Strike
1-1: SINGLE (Line Drive, 4MD)
Cris Gonzáles to second
Batting: RHB Jason Ward 0-0: Ball
1-0: Foul Ball, location: 2F
1-1: Fly out, F4 (Popup, 4D)
Batting: SHB Larry O'Morgan 0-0: Ball
1-0: Called Strike
1-1: Foul Ball, location: 2F
1-2: Strikes out swinging
Batting: RHB Robinson Barquero 0-0: Ball
1-0: Fly out, F8 (Flyball, 8RS)
Top of the 4th over - 0 run(s), 1 hit(s), 0 error(s), 2 left on base; Hogsmeade 1 - Gwinnett County 0
BOTTOM OF THE 4TH
Gwinnett County Black Cats batting - Pitching for Hogsmeade Cauldrons : RHP Fred Gunther
Batting: SHB Ted Tullo 0-0: Ball
1-0: Foul Ball, location: 2F
1-1: SOLO HOME RUN (Flyball, 89XD), Distance : 425 ft
Batting: SHB Melito Báez 0-0: Ball
1-0: Foul Ball, location: 2F
1-1: Ball
2-1: Ball
3-1: SOLO HOME RUN (Flyball, 9D), Distance : 358 ft
Batting: RHB Sameen Shaw 0-0: Called Strike
0-1: Foul Ball, location: 2F
0-2: Ball
1-2: Strikes out swinging
Batting: RHB Chang-lit Min 0-0: Ball
1-0: Ball
2-0: Foul Ball, location: 2F
2-1: Ground out 4-3 (Groundball, 4)
Batting: RHB Rikky van Opel 0-0: Ball
1-0: Ball
2-0: Swinging Strike
2-1: Swinging Strike
2-2: Strikes out swinging
Bottom of the 4th over - 2 run(s), 2 hit(s), 0 error(s), 0 left on base; Hogsmeade 1 - Gwinnett County 2
TOP OF THE 5TH
Hogsmeade Cauldrons batting - Pitching for Gwinnett County Black Cats : RHP Jeff Greer
Batting: RHB Paul O'Neill 0-0: Foul Ball, location: 2F
0-1: Ball
1-1: Foul Ball, location: 2F
1-2: Foul Ball, location: 2F
1-2: Ball
2-2: Ball
3-2: Base on Balls
Batting: LHB Rodrigo Gómez 0-0: Called Strike
0-1: Sac Bunt - play at first, batter OUT! 1-3
Paul O'Neill to second
Batting: LHB Estefan Carrasco 0-0: Ball
1-0: Ball
2-0: Ball
3-0: Called Strike
3-1: Base on Balls
Batting: LHB Austin Hathaway 0-0: Ball
1-0: Ball
2-0: Called Strike
2-1: Ball
3-1: Called Strike
3-2: Fly out, F7 (Flyball, 7S)
Batting: LHB Cris Gonzáles 0-0: Called Strike
0-1: Ground out 1-3 (Groundball, 13S)
Top of the 5th over - 0 run(s), 0 hit(s), 0 error(s), 2 left on base; Hogsmeade 1 - Gwinnett County 2
BOTTOM OF THE 5TH
Gwinnett County Black Cats batting - Pitching for Hogsmeade Cauldrons : RHP Fred Gunther
Batting: RHB Juan León 0-0: Ball
1-0: Called Strike
1-1: Ball
2-1: Fly out, F8 (Line Drive, 78M)
Batting: RHB Edgar Balerio 0-0: Called Strike
0-1: Ball
1-1: Ball
2-1: Foul Ball, location: 2F
2-2: Strikes out swinging
Batting: RHB Sidney Mackell 0-0: Ball
1-0: Ground out 5-3 (Groundball, 56)
Bottom of the 5th over - 0 run(s), 0 hit(s), 0 error(s), 0 left on base; Hogsmeade 1 - Gwinnett County 2
TOP OF THE 6TH
Hogsmeade Cauldrons batting - Pitching for Gwinnett County Black Cats : RHP Jeff Greer
Batting: LHB Jim Unknown 0-0: Ball
1-0: SINGLE (Groundball, 6MD)
Batting: RHB Jason Ward 0-0: Reached on error, E5 (Groundball, 56S)
Jim Unknown to second
Batting: SHB Larry O'Morgan 0-0: Sac Bunt - play at first, batter OUT! 2-3
Jim Unknown to third
Jason Ward to second
Batting: RHB Robinson Barquero 0-0: Reached on error, E5 (Groundball, 5)
Jim Unknown scores
Jason Ward scores
Batting: RHB Paul O'Neill 0-0: Ball
1-0: Ball
2-0: Ground out 4-3 (Groundball, 34)
Robinson Barquero to third
Batting: LHB Rodrigo Gómez 0-0: Swinging Strike
0-1: Ball
1-1: Foul Ball, location: 2F
1-2: Ball
2-2: Ground out 4-3 (Groundball, 4)
Top of the 6th over - 2 run(s), 1 hit(s), 2 error(s), 1 left on base; Hogsmeade 3 - Gwinnett County 2
BOTTOM OF THE 6TH
Gwinnett County Black Cats batting - Pitching for Hogsmeade Cauldrons : RHP Fred Gunther
Batting: LHB Darrell Woodmansee 0-0: Ball
1-0: Foul Ball, location: 2F
1-1: Ball
2-1: Swinging Strike
2-2: Foul Ball, location: 2F
2-2: Strikes out swinging
Batting: SHB Ted Tullo 0-0: Foul Ball, location: 2F
0-1: Ball
1-1: Ball
2-1: Ball
3-1: DOUBLE (Line Drive, 78M)
Batting: SHB Melito Báez 0-0: Ball
1-0: Fly out, F7 (Flyball, 7S)
Batting: RHB Sameen Shaw 0-0: Called Strike
0-1: SINGLE (Groundball, 4MD)
Ted Tullo to third
Runner from 3rd tries for Home, SAFE, no throw
Batting: RHB Chang-lit Min 0-0: Called Strike
0-1: Ball
1-1: Swinging Strike
1-2: Strikes out swinging
Bottom of the 6th over - 1 run(s), 2 hit(s), 0 error(s), 1 left on base; Hogsmeade 3 - Gwinnett County 3
TOP OF THE 7TH
Hogsmeade Cauldrons batting - Pitching for Gwinnett County Black Cats : RHP Jeff Greer
Batting: LHB Estefan Carrasco 0-0: Ball
1-0: Ball
2-0: Ground out U3 (Groundball, 3L)
Batting: LHB Austin Hathaway 0-0: Ball
1-0: Ball
2-0: Ball
3-0: Called Strike
3-1: Base on Balls
Pitching: RHP Cisco Andr
Batting: LHB Cris Gonzáles 0-0: Ball
1-0: Ball
2-0: Called Strike
2-1: Foul Ball, location: 2F
2-2: Foul Ball, location: 2F
2-2: DOUBLE (Groundball, 3L)
Austin Hathaway to third
Batting: LHB Jim Unknown 0-0: Intentional Walk
Batting: RHB Jason Ward 0-0: Fly out, F4 (Popup, 34D)
Batting: SHB Larry O'Morgan 0-0: Ball
1-0: Foul Ball, location: 2F
1-1: Foul Ball, location: 2F
1-2: Foul Ball, location: 2F
1-2: Hit by Pitch
Austin Hathaway scores
Cris Gonzáles to third
Jim Unknown to second
Pinch Hitting: LHB Tyler Knopp 0-0: Called Strike
0-1: Foul Ball, location: 2F
0-2: SINGLE (Line Drive, 34D)
Cris Gonzáles scores
Jim Unknown to third
Larry O'Morgan to second
Runner from 3rd tries for Home, SAFE, no throw
Batting: RHB Paul O'Neill 0-0: Ground out 5-3 (Groundball, 56S)
Top of the 7th over - 3 run(s), 2 hit(s), 0 error(s), 2 left on base; Hogsmeade 6 - Gwinnett County 3
BOTTOM OF THE 7TH
Gwinnett County Black Cats batting - Pitching for Hogsmeade Cauldrons : RHP Fred Gunther
Now at SS: Tyler Knopp
Batting: RHB Rikky van Opel 0-0: Ground out 4-3 (Groundball, 4)
Batting: RHB Juan León 0-0: Ball
1-0: Ball
2-0: Called Strike
2-1: Foul Ball, location: 2F
2-2: Ball
3-2: Strikes out looking
Batting: RHB Edgar Balerio 0-0: Ball
1-0: Foul Ball, location: 2F
1-1: Foul Ball, location: 2F
1-2: Fly out, F5 (Popup, 5S)
Bottom of the 7th over - 0 run(s), 0 hit(s), 0 error(s), 0 left on base; Hogsmeade 6 - Gwinnett County 3
TOP OF THE 8TH
Hogsmeade Cauldrons batting - Pitching for Gwinnett County Black Cats : RHP Cisco Andr
Batting: LHB Rodrigo Gómez 0-0: Called Strike
0-1: Called Strike
0-2: Ball
1-2: Ball
2-2: Ball
3-2: Foul Ball, location: 2F
3-2: Foul Ball, location: 2F
3-2: Foul Ball, location: 2F
3-2: Strikes out swinging, 2-3 out at first.
Batting: LHB Estefan Carrasco 0-0: Swinging Strike
0-1: SINGLE (Groundball, 34D)
Batting: LHB Austin Hathaway 0-0: Called Strike
0-1: Called Strike
0-2: Ball
1-2: Fielders Choice at 2nd, 6-4 (Groundball, 6)
Batting: LHB Cris Gonzáles 0-0: Called Strike
0-1: Foul Ball, location: 2F
0-2: SINGLE (Groundball, 34D)
Austin Hathaway to second
Runner from 2nd tries for 3rd, SAFE, throw made to third
Batting: LHB Jim Unknown 0-0: Called Strike
0-1: Called Strike
0-2: Ball
1-2: Foul Ball, location: 2F
1-2: Ball
2-2: DOUBLE (Line Drive, 7LM)
Austin Hathaway scores
Cris Gonzáles to third
Runner from 3rd tries for Home, SAFE, no throw
Pitching: RHP Francisco Brub
Batting: RHB Jason Ward 0-0: Fly out, F9 (Flyball, 3D)
Top of the 8th over - 2 run(s), 3 hit(s), 0 error(s), 1 left on base; Hogsmeade 8 - Gwinnett County 3
BOTTOM OF THE 8TH
Gwinnett County Black Cats batting - Pitching for Hogsmeade Cauldrons : RHP Fred Gunther
Pitching: LHP Bradley Roth
Batting: RHB Sidney Mackell 0-0: Ball
1-0: Called Strike
1-1: Ball
2-1: SINGLE (Line Drive, 7S)
Batting: LHB Darrell Woodmansee 0-0: Foul Ball, location: 2F
0-1: Ball
1-1: Ground out U3 (Groundball, 34)
Sidney Mackell to second
Batting: SHB Ted Tullo 0-0: Called Strike
0-1: Foul Ball, location: 2F
0-2: Foul Ball, location: 2F
0-2: Ball
1-2: Ball
2-2: Ball
3-2: Fly out, F9 (Flyball, 89M)
Batting: SHB Melito Báez 0-0: Ball
1-0: Swinging Strike
1-1: Called Strike
1-2: Strikes out looking
Bottom of the 8th over - 0 run(s), 1 hit(s), 0 error(s), 1 left on base; Hogsmeade 8 - Gwinnett County 3
TOP OF THE 9TH
Hogsmeade Cauldrons batting - Pitching for Gwinnett County Black Cats : RHP Francisco Brub
Batting: SHB Larry O'Morgan 0-0: Swinging Strike
0-1: Ball
1-1: Called Strike
1-2: Foul Ball, location: 2F
1-2: Ground out 1-3 (Groundball, 13S)
Batting: LHB Tyler Knopp 0-0: Ball
1-0: Called Strike
1-1: Ball
2-1: Called Strike
2-2: Ball
3-2: Base on Balls
Batting: RHB Paul O'Neill 0-0: Called Strike
0-1: Ball
1-1: Ball
2-1: Ball
3-1: Called Strike
3-2: Foul Ball, location: 2F
3-2: Foul Ball, location: 2F
3-2: Fly out, F8 (Flyball, 8RM)
Batting: LHB Rodrigo Gómez 0-0: Called Strike
0-1: Ball
1-1: Ball
2-1: Ball
3-1: SINGLE (Groundball, 34S) (infield hit)
Tyler Knopp to second
Batting: LHB Estefan Carrasco 0-0: Called Strike
0-1: Ball
1-1: Foul Ball, location: 2F
1-2: Fly out, F8 (Flyball, 8RD)
Top of the 9th over - 0 run(s), 1 hit(s), 0 error(s), 2 left on base; Hogsmeade 8 - Gwinnett County 3
BOTTOM OF THE 9TH
Gwinnett County Black Cats batting - Pitching for Hogsmeade Cauldrons : LHP Bradley Roth
Batting: RHB Sameen Shaw 0-0: Ball
1-0: Ball
2-0: Called Strike
2-1: Foul Ball, location: 2F
2-2: Fly out, F9 (Line Drive, 9S)
Batting: RHB Chang-lit Min 0-0: Called Strike
0-1: Ball
1-1: Hit by Pitch
Batting: RHB Rikky van Opel 0-0: Called Strike
0-1: Ball
1-1: Fly out, F9 (Flyball, 9LM)
Batting: RHB Juan León 0-0: Fielders Choice at 2nd, 6-4 (Groundball, 6)
Bottom of the 9th over - 0 run(s), 0 hit(s), 0 error(s), 0 left on base; Hogsmeade 8 - Gwinnett County 3
Monday, March 20th, 2017 - OOTP Baseball 17.12 Build 75